 Dungeon Crawl Stone Soup version 0.25-a0-356-g7c9d860b3b (webtiles) character file.

Game seed: 11565710026446116257, levelgen mode: deterministic

65 Inarius the Chopper (level 3, -1/27 HPs)
             Began as a Mummy Gladiator on Jan 3, 2020.
             Blown up by Ijyb (8 damage)
             ... with a disintegration bolt
             ... on level 3 of the Dungeon.
             The game lasted 00:02:18 (2024 turns).

Inarius the Chopper (Mummy Gladiator)               Turns: 2024, Time: 00:02:19

Health: -1/27      AC: 10    Str: 18    XL:     3   Next: 92%
Magic:  3/3        EV:  7    Int:  7    God:
Gold:   135        SH:  4    Dex: 17    Spells: 2/2 levels left

rFire    x . .     SeeInvis .   a - +0 war axe
rCold    + . .     Gourm    .   b - +0 buckler
rNeg     + + +     Faith    .   k - +0 chain mail
rPois    ∞         Spirit   .   c - +0 helmet
rElec    .         Reflect  .   (no cloak)
rCorr    .         Harm     .   (no gloves)
MR       .....                  (no boots)
Stlth    ..........             (no amulet)
HPRegen  0.09/turn              p - +1 ring of protection
MPRegen  0.08/turn              o - +4 ring of dexterity

@: no status effects
A: no food or potions, fire vulnerability, cold resistance 1, negative energy
resistance 3, torment resistance, unbreathing
a: no special abilities


You were on level 3 of the Dungeon.
You were not hungry.

You visited 1 branch of the dungeon, and saw 3 of its levels.

You collected 135 gold pieces.

Inventory:

Hand Weapons
 a - a +0 war axe (weapon)
Missiles
 d - 3 throwing nets (quivered)
Armour
 b - a +0 buckler (worn)
 c - a +0 helmet (worn)
 k - a +0 chain mail (worn)
Jewellery
 f - an uncursed ring of stealth
 o - a +4 ring of dexterity (right hand)
 p - a +1 ring of protection (left hand)
Wands
 n - a wand of flame (17)
Scrolls
 e - a scroll of enchant armour {unknown}
 g - 2 scrolls of identify {unknown}
 h - a scroll of remove curse {unknown}
 i - a scroll of amnesia {unknown}
 j - 4 scrolls of fear {unknown}
 l - a scroll of teleportation {unknown}
 m - a scroll of magic mapping {unknown}


   Skills:
 + Level 2.2 Fighting
 * Level 3.7 Axes
 - Level 1.5 Throwing
 * Level 0.8 Armour
 - Level 2.4 Dodging


You had 2 spell levels left.
You didn't know any spells.
Your spell library was empty.

Dungeon Overview and Level Annotations

Branches:
Dungeon (3/15)

Altars:
Fedhas

Annotations:
D:3 Ijyb, Sigmund


Innate Abilities, Weirdness & Mutations

You do not eat or drink.
Your flesh is vulnerable to fire.
You are immune to poison.
Your flesh is cold resistant. (rC+)
You are immune to negative energy. (rN+++)
You are immune to unholy pain and torment.
You can survive without breathing.


Message History

There is a stone staircase leading up here.
Found a blossoming altar of Fedhas.
p - a copper ring You're wearing all the rings you can.
Remove which one? (? for menu, Esc to cancel) < or
f - a ring of stealth; > or
o - a +4 ring of dexterity You remove your ring of stealth.
p - a +1 ring of protection (left hand)
You open the door.
There is an open door here.
Found a viscous puce potion.
You open the door. Ijyb is too close now for your liking.
Ijyb shouts!
Ijyb screams, "It's all mine!"
Ijyb zaps a wand.
You are blasted!
Ouch! That really hurt!
* * * LOW HITPOINT WARNING * * *
Ijyb zaps a wand.
You are blasted!
You die...

## . ######## #. #...<..#
##.###########.##.#.#
................(....(
###.....#####.#........
#.....# #..########## .
#.....####.#@.......#
.####.....##.._..######g#
..........'..#.#........#
...)#.....###..######.###
###.#.......#.#...# #.#
.<.....####.#!+...# #.##
.......# .#.#...###..#
.......# #.'......#.#
.......# ###...##.#.#


You could see Ijyb.

Vanquished Creatures
  An adder (D:2)
  A worm (D:2)
  3 dart slugs
  A leopard gecko (D:1)
  A ball python (D:2)
  2 giant cockroaches (D:2)
  8 goblins
  4 hobgoblins
  3 jackals (D:1)
  A quokka (D:2)
  4 bats
  A frilled lizard (D:2)
  8 kobolds
  5 rats
43 creatures vanquished.

Notes
Turn   | Place    | Note
-------+----------+-------------------------------------------
     0 | D:1      | Inarius the Mummy Gladiator began the quest for the Orb.
     0 | D:1      | Reached XP level 1. HP: 16/16 MP: 1/1
   147 | D:1      | Reached XP level 2. HP: 7/22 MP: 2/2
   391 | D:1      | Reached skill level 3 in Axes
   841 | D:1      | You fall into a shaft and drop 1 floor!
   854 | D:2      | Reached XP level 3. HP: 26/27 MP: 3/3
  1470 | D:3      | Noticed Ijyb
  1747 | D:3      | Noticed Sigmund
  1964 | D:3      | Found a blossoming altar of Fedhas.
  2024 | D:3      | Blown up by Ijyb

Levels and vault maps discovered:
D:1:      nicolae_arrival_somewhat_less_tricky_arrival, layout_loops_ring
D:2:      layout_rooms, hangedman_abyss_or_decor_stabs
D:3:      layout_basic, lemuel_crystal_altar, kennysheep_generic_room_14,
          uniq_sigmund, uniq_ijyb

Skill      XL: |  1  2 |
---------------+-------+-----
Axes           | 3 |  3.7
Fighting       | |  2.2
Throwing       | |  1.5
Armour         | |  0.8
Dodging        | |  2.4

Action                   || total
-------------------------++-------
Melee: War axe           ||   108
Armor: Leather armour    ||    22
       Chain mail        ||    14
Dodge: Dodged            ||    81
Block: Buckler           ||    12

Table legend:
 A = Non-vault XP
 B = Vault XP
 C = Vault XP percentage of total XP
 D = Non-vault monster count
 E = Vault monster count
 F = Vault count percentage of total count
                 A         B        C        D         E       F
            +---------+---------+-------+---------+---------+-------
      Total |      93 |       0 |   0.0 |      43 |       0 |   0.0
            +---------+---------+-------+---------+---------+-------
        D:1 |      39 |       0 |   0.0 |      21 |       0 |   0.0
        D:2 |      52 |       0 |   0.0 |      20 |       0 |   0.0
        D:3 |       2 |       0 |   0.0 |       2 |       0 |   0.0
            +---------+---------+-------+---------+---------+-------
